 Dungeon Crawl Stone Soup version 0.23-a0-393-g6e9e0f2070 (webtiles) character file.

11 Napalmbreeze the Insei (level 2, -1/21 HPs)
             Began as a Merfolk Transmuter on Oct 31, 2018.
             Slain by a leopard gecko (3 damage)
             ... on level 1 of the Dungeon.
             The game lasted 00:03:03 (707 turns).

Napalmbreeze the Insei (Merfolk Transmuter)          Turns: 707, Time: 00:03:03

Health: -1/21      AC:  2    Str: 10    XL:     2   Next: 25%
Magic:  4/5        EV: 13    Int: 12    God:
Gold:   0          SH:  0    Dex: 14    Spells: 4/5 levels left

rFire    . . .     SeeInvis .     - Unarmed
rCold    . . .     Gourm    .   (no shield)
rNeg     . . .     Faith    .   b - +0 robe
rPois    .         Spirit   .   (no helmet)
rElec    .         Reflect  .   (no cloak)
rCorr    .         Harm     .   (no gloves)
MR       .....                  (no boots)
Stlth    +.........             (no amulet)
HPRegen  0.07/turn              (no ring)
MPRegen  0.09/turn              (no ring)

@: appendage
A: change form in water, swift swim, stealthy swim, horns 2
a: End Transformation


You were on level 1 of the Dungeon.
You were not hungry.
You had grown temporary horns.
You visited 1 branch of the dungeon, and saw 1 of its levels.

Inventory:

Missiles
 a - 12 arrows
 f - 2 curare-tipped needles
Armour
 b - a +0 robe (worn)
Scrolls
 e - a scroll of identify {unknown}
Potions
 c - a potion of heal wounds {unknown}
Comestibles
 d - a ration


   Skills:
 + Level 1.3 Fighting
 + Level 2.9 Dodging
 * Level 3.5 Unarmed Combat
 + Level 2.1 Spellcasting
 + Level 2.9 Transmutations


You had 4 spell levels left.
You knew the following spells:

 Your Spells              Type           Power        Failure   Level  Hunger
a - Beastly Appendage     Tmut           #.....       9%          1    ##.....

Your spell library contained the following spells:

 Spells                   Type           Power        Failure   Level  Hunger
 Sticks to Snakes         Tmut           #.......     12%         2    ###....
 Spider Form              Tmut/Pois      #.........   41%         3    ####...
 Ice Form                 Ice/Tmut       #.......     83%         4    #####..
 Blade Hands              Tmut           #.........   92%         5    ######.


Dungeon Overview and Level Annotations

Branches:
Dungeon (1/15)

Altars:


Innate Abilities, Weirdness & Mutations

You revert to your normal form in water.
You are very nimble and swift while swimming.
You are very stealthy in the water. (Stealth+)
You have a pair of horns on your head.


Message History

The leopard gecko closely misses you.
Press: ? - help, v - describe, . - travel
Here: a leopard gecko (clinging)
The floor.
You hit the leopard gecko.
The leopard gecko is moderately wounded.
The leopard gecko bites you.
* * * LOW HITPOINT WARNING * * *
You miss the leopard gecko.
The leopard gecko is moderately wounded.
The leopard gecko barely misses you.
Casting: Beastly Appendage (safe; 9% risk of failure)
Confirm with . or Enter, or press ? or * to list all spells.
You grow a pair of large bovine horns.
The leopard gecko bites you.
* * * LOW HITPOINT WARNING * * *
The leopard gecko bites you but does no damage.
You barely miss the leopard gecko.
The leopard gecko is moderately wounded.
The leopard gecko bites you.
You die...

#.# #.# #.#.# #.# #.#
#...# ##.##
####.######...#
##.#.###..............
##.###.##.##.######..##
##.## ##.#.##.# #..##
#.## ##..##.# #..#
##.## ##l####.######..#
##.###@## #.........#
##.#.## ########..#
##.## #..# ### #..#
###..## #...... #.#.###
#.#.# #.#.#


You could see a leopard gecko.

Vanquished Creatures
  A leopard gecko (D:1)
  2 giant cockroaches (D:1)
  2 goblins (D:1)
  2 kobolds (D:1)
  2 bats (D:1)
9 creatures vanquished.

Notes
Turn   | Place    | Note
-------+----------+-------------------------------------------
     0 | D:1      | Napalmbreeze the Merfolk Transmuter began the quest for the
                  | Orb.
     0 | D:1      | Reached XP level 1. HP: 15/15 MP: 3/3
   328 | D:1      | Reached XP level 2. HP: 7/21 MP: 5/5
   707 | D:1      | Slain by a leopard gecko

Vault maps used:
D:1:      minmay_arrival_five_plusses

Action                   || total
-------------------------++-------
Melee: Unarmed           ||    56
       Headbutt          ||     1
       Punch             ||     1
 Cast: Beastly Appendage ||     2
Armor: Robe              ||     8
Dodge: Dodged            ||    42

Table legend:
 A = Non-vault XP
 B = Vault XP
 C = Vault XP percentage of total XP
 D = Non-vault monster count
 E = Vault monster count
 F = Vault count percentage of total count
                 A         B        C        D         E       F
            +---------+---------+-------+---------+---------+-------
      Total |      16 |       0 |   0.0 |       9 |       0 |   0.0
            +---------+---------+-------+---------+---------+-------
        D:1 |      16 |       0 |   0.0 |       9 |       0 |   0.0
            +---------+---------+-------+---------+---------+-------
